 Dungeon Crawl Stone Soup version 0.28-a0-863-g8cecda6153 (webtiles) character file.

Game seed: 8693111596243973537

139 AvatarAndi78 the Chopper (level 5, -2/79 HPs)
             Began as a Troll Berserker on Nov 18, 2021.
             Was a Believer of Trog.
             Slain by an orc priest (5 damage)
             ... on level 3 of the Dungeon.
             The game lasted 00:02:59 (1516 turns).

AvatarAndi78 the Chopper (Troll Berserker)          Turns: 1516, Time: 00:02:59

Health: -2/79      AC:  4    Str: 25    XL:     5   Next: 1%
Magic:  4/4        EV: 10    Int:  3    God:    Trog [**....]
Gold:   79         SH:  0    Dex: 10    Spells: 4/4 levels left

rFire   . . .      SeeInvis .   l - +0 war axe
rCold   . . .      Faith    .   (no shield)
rNeg    . . .      Spirit   .   b - +0 animal skin
rPois   .          Reflect  .   (helmet restricted)
rElec   .          Harm     .   (no cloak)
rCorr   .          Rampage  .   (gloves unavailable)
Will    .....                   (boots unavailable)
Stlth   ..........              (no amulet)
HPRegen 1.23/turn               (no ring)
MPRegen 0.09/turn               (no ring)

@: berserking, lethally poisoned (-2 -> -13), very quick
A: large, unfitting armour, claws 3, regeneration 1, shaggy fur 1, tough skin 1
a: Renounce Religion, Berserk, Trog's Hand


You were on level 3 of the Dungeon.
You worshipped Trog.
Trog was pleased with you.
You visited 1 branch of the dungeon, and saw 3 of its levels.

You collected 79 gold pieces.

Inventory:

Hand Weapons
 i - a +0 long sword
 l - a +0 war axe (weapon)
Armour
 b - a +0 animal skin (worn)
Jewellery
 k - a ring of protection from fire
Scrolls
 a - a scroll of fear {unknown}
 c - 2 scrolls of fog {unknown}
 f - a scroll of holy word {unknown}
 g - a scroll of enchant armour {unknown}
 j - a scroll of acquirement {unknown}
Potions
 d - a potion of flight {unknown}
 e - a potion of brilliance {unknown}
 h - a potion of curing {unknown}


   Skills:
 + Level 3.0 Fighting
 + Level 1.2 Long Blades
 + Level 3.5 Axes
 + Level 3.0 Dodging
 + Level 0.2 Stealth


You had 4 spell levels left.
You didn't know any spells.
Your spell library was empty.

Dungeon Overview and Level Annotations

Branches:
Dungeon (3/15)

Altars:


Innate Abilities, Weirdness & Mutations

You are too large for most types of armour.
You have claws for hands.
Your natural rate of healing is unusually fast.
You are covered in fur. (AC +1)
You have tough skin. (AC +1)


Message History

The orc hits you but does no damage.
The orc priest hits you but does no damage.
You are more poisoned.
You closely miss the orc.
The orc is severely wounded.
You hit the orc priest.
You feel very sick. The orc closely misses you.
The orc priest invokes the aid of Beogh against you.
Beogh smites you!
You barely miss the orc priest.
The orc priest is lightly wounded.
You closely miss the orc.
You feel very sick. The orc closely misses you.
The orc priest barely misses you. The orc hits you but does no damage.
You barely miss the orc priest.
The orc priest is lightly wounded.
You closely miss the orc.
You feel sick. The orc priest barely misses you.
The orc hits you but does no damage.
The orc priest hits you with a +0 whip of venom.
* * * LOW HITPOINT WARNING * * *
You are more poisoned.
A red film seems to cover your vision as you go berserk!
You feel yourself moving faster!
You feel mighty!
You feel very sick. The orc hits you with a +0 dagger.
* * * LOW HITPOINT WARNING * * *
The orc priest hits you with a +0 whip of venom.
* * * LOW HITPOINT WARNING * * *
You are lethally poisoned!
You completely miss the orc priest.
The orc priest is lightly wounded.
You hit the orc.
You kill the orc!
Trog accepts your kill.
* * * LOW HITPOINT WARNING * * *
You feel very sick.
The orc priest hits you with a +0 whip of venom.
You die...

######### #.......#
####.......#
...+.......#
####..)....#
......†....#
###........#########.#
.............$..@)...#
.....#.....###...o...#
...........+....:.......
.##........###.###......
.##.#......# #.# .#...#
.+..#......# #.# ......
## #......# #.# ###.#
##.....# #.# .#


You could see an orc priest.

Vanquished Creatures
  An orc priest (D:3)
  Terence (D:2)
  An orc wizard (D:3)
  A worm (D:3)
  5 dart slugs (D:1)
  5 orcs (D:3)
  A bat (D:2)
  2 endoplasms (D:1)
  2 giant cockroaches (D:2)
  4 goblins
  2 hobgoblins (D:1)
  2 jackals (D:2)
  2 quokkas (D:2)
  4 ball pythons
  4 frilled lizards
  3 kobolds (D:1)
  5 rats
45 creatures vanquished.

Notes
Turn   | Place    | Note
-------+----------+-------------------------------------------
     0 | D:1      | AvatarAndi78 the Troll Berserker began the quest for the
                  | Orb.
     0 | D:1      | Reached XP level 1. HP: 22/22 MP: 0/0
   148 | D:1      | Reached XP level 2. HP: 28/29 MP: 1/1
   153 | D:1      | Found a faded altar of an unknown god.
   627 | D:1      | Reached XP level 3. HP: 36/36 MP: 2/2
   769 | D:2      | Reached ** piety under Trog
   899 | D:2      | Noticed Terence
   914 | D:2      | Killed Terence
   946 | D:2      | Reached XP level 4. HP: 44/44 MP: 3/3
  1242 | D:3      | Reached skill level 1 in Long Blades
  1489 | D:3      | Reached XP level 5. HP: 50/53 MP: 4/4
  1516 | D:3      | HP: 3/79 [poisoned by an orc priest]
  1516 | D:3      | Slain by an orc priest

Illustrated notes

Levels and vault maps discovered:
D:1:      scummos_arrival_star, layout_loops_ring,
          hellmonk_ecumenical_altar_lost_god
D:2:      layout_basic, uniq_terence
D:3:      layout_basic

Skill      XL: |  1  2  3  4 |
---------------+-------------+-----
Axes           | 3 |  3.5
Fighting       | 3 |  3.0
Long Blades    | 1 |  1.2
Dodging        | 3 |  3.0
Stealth        | |  0.2

Action                   |  1- 3 |  4- 6 || total
-------------------------+-------+-------++-------
Melee: Hand axe          |    62 |       ||    62
       Long sword        |    16 |    38 ||    54
       War axe           |       |    29 ||    29
Invok: Berserk           |     1 |     2 ||     3
       Trog's Hand       |       |     1 ||     1
 Stab: Sleeping          |     1 |       ||     1
Armor: Animal skin       |    28 |    39 ||    67
Dodge: Dodged            |    42 |    39 ||    81

Table legend: (Time is in decaauts)
 A = Elapsed time spent in this place.
 B = Non-inter-level travel time spent in this place.
 C = Inter-level travel time spent in this place.
 D = Time resting spent in this place.
 E = Time spent auto-exploring this place.
 F = Levels seen in this place.
 G = Mean time per level.
                   A        B        C        D        E       F      G
               +--------+--------+--------+--------+--------+-----+--------+
         Total |   1568 |   1512 |     56 |      0 |   1145 |   3 |  522.7 |
       Dungeon |   1568 |   1512 |     56 |      0 |   1145 |   3 |  522.7 |
               +--------+--------+--------+--------+--------+-----+--------+

Top non-repeatable levels by time:
     D:1: 739 daAuts
     D:2: 478 daAuts
     D:3: 351 daAuts
